 Dungeon Crawl Stone Soup version 0.21-a0-1-gaf3b9a5 (webtiles) character file.

75 turnburgler the Shooter (level 4, 0/28 HPs)
             Began as a Gargoyle Hunter on May 20, 2017.
             Slain by Gorglomux's ghost (3 damage)
             ... on level 3 of the Dungeon.
             The game lasted 00:11:15 (3511 turns).

turnburgler the Shooter (Gargoyle Hunter)           Turns: 3511, Time: 00:11:15

Health: 0/28       AC:  9    Str: 16    XL:     4   Next: 31%
Magic:  4/4        EV: 10    Int: 11    God:
Gold:   189        SH:  2    Dex: 11    Spells: 3/3 levels left

rFire    . . .     SeeInvis .   b - +0 short sword
rCold    . . .     Gourm    .   (no shield)
rNeg     + . .     Faith    .   n - +0 scale mail
rPois    ∞         Spirit   .   (no helmet)
rElec    +         Reflect  +   (no cloak)
rCorr    .         Harm     .   (no gloves)
MR       .....                  (no boots)
Stlth    ..........             m - +2 amulet of reflection
Regen    0.1/turn               (no ring)
MPRegen  0.1/turn               (no ring)

@: hasted, very quick
A: negative energy resistance 1, electricity resistance, unbreathing,
petrification resistance, rot immunity, AC +3
a: no special abilities


You were on level 3 of the Dungeon.
You were hungry.

You visited 1 branch of the dungeon, and saw 3 of its levels.

You collected 189 gold pieces.

Inventory:

Hand Weapons
 a - a +1 shortbow
 b - a +0 short sword (weapon)
 e - a +0 hunting sling
Missiles
 g - 55 stones (quivered)
 q - 11 poisoned needles
Armour
 c - a +0 leather armour
 n - a +0 scale mail (worn)
Jewellery
 m - a +2 amulet of reflection (around neck)
Scrolls
 h - a scroll of fog {unknown}
 i - 2 scrolls of identify
 k - 3 scrolls of recharging {unknown}
 s - a scroll of enchant weapon {unknown}
 t - a scroll of remove curse {unknown}
Potions
 o - a potion of curing
Comestibles
 f - 3 bread rations
 p - a meat ration


   Skills:
 + Level 3.0 Fighting
 * Level 4.8 Bows
 + Level 2.1 Dodging
 + Level 1.6 Stealth


You had 3 spell levels left.
You didn't know any spells.

Dungeon Overview and Level Annotations

Branches:
Dungeon (3/15)

Altars:
Yredelemnul

Annotations:
D:3 Gorglomux's ghost, amateur FoTm


Innate Abilities, Weirdness & Mutations

You are resistant to torment.
Your stone body is resilient. (AC +3)
You are immune to poison.
You resist negative energy. (rN+)
You are resistant to electric shocks. (rElec)
You can survive without breathing.
You are immune to petrification.
You are immune to rotting.


Message History

You closely miss Gorglomux's ghost.
Gorglomux's ghost is severely damaged.
Gorglomux's ghost barely misses you.
You closely miss Gorglomux's ghost.
Gorglomux's ghost is severely damaged.
You hit Gorglomux's ghost.
Gorglomux's ghost is severely damaged.
Gorglomux's ghost hits you but does no damage.
You closely miss Gorglomux's ghost.
Gorglomux's ghost is severely damaged.
You block Gorglomux's ghost's attack.
You hit Gorglomux's ghost.
Gorglomux's ghost is severely damaged.
Gorglomux's ghost barely misses you.
You closely miss Gorglomux's ghost.
Gorglomux's ghost is severely damaged.
You hit Gorglomux's ghost.
Gorglomux's ghost is almost destroyed.
Gorglomux's ghost hits you.
You die...

#.##.##.####
#................
#..........#
#[##..#.###.....#
####.##.##.#
#.##..#........#_ #.##.##.#
#.##..#.###.....# #.##.##.#
#.##..#.# #...... #.##.##.#
#.##..#.#####.#.# #.##.##.#
#.##.(...(?(.....
#.##....###W##..###..##.#..
#.####....@.....# #..##.#.#
#.# #.##.......# # ###.#.#
#.####.##.#........ ..#.#
#..............#.#. ###?#
#################.. #


You could see Gorglomux's ghost.

Vanquished Creatures
  2 adders (D:2)
  2 oozes
  A worm (D:2)
  2 leopard geckos
  2 orcs (D:3)
  7 bats
  3 giant cockroaches
  4 goblins
  5 hobgoblins
  6 kobolds
  9 rats
43 creatures vanquished.

Notes
Turn   | Place    | Note
-------+----------+-------------------------------------------
     0 | D:1      | turnburgler the Gargoyle Hunter began the quest for the Orb.
     0 | D:1      | Reached XP level 1. HP: 12/12 MP: 1/1
   233 | D:1      | Reached XP level 2. HP: 14/18 MP: 2/2
   958 | D:2      | Found a basalt altar of Yredelemnul.
   961 | D:2      | Reached XP level 3. HP: 21/22 MP: 3/3
  1452 | D:2      | Reached XP level 4. HP: 28/28 MP: 4/4
  1509 | D:3      | Found a faded altar of an unknown god.
  1642 | D:3      | Noticed Gorglomux's ghost (amateur FoTm)
  3511 | D:3      | Slain by Gorglomux's ghost

Vault maps used:
D:1:      dpeg_arrival_rooms_a
D:2:      lemuel_crystal_altar
D:3:      chequers_ecumenical_altar_simple

Skill      XL: |  1  2  3 |
---------------+----------+-----
Dodging        | 2 |  2.1
Fighting       | 3 |  3.0
Bows           | |  4.8
Stealth        | |  1.6

Action                   |  1- 3 |  4- 6 || total
-------------------------+-------+-------++-------
Melee: Short sword       |    54 |    59 ||   113
 Fire: Shortbow          |    45 |    63 ||   108
       Hunting sling     |       |     8 ||     8
Throw: Stone             |       |     8 ||     8
  Use: Potion            |       |     3 ||     3
       Scroll            |       |     1 ||     1
 Stab: Sleeping          |     1 |       ||     1
  Eat: Chunk             |     1 |     4 ||     5
       Royal jelly       |       |     1 ||     1
Armor: Leather armour    |    33 |    12 ||    45
       Scale mail        |       |    18 ||    18
Dodge: Dodged            |    44 |    39 ||    83
Block: Other             |     2 |     7 ||     9
